 Dungeon Crawl Stone Soup version 0.31-a0-1591-g515db51633 (webtiles) character file.

Game seed: 13653417595562911249

142 Flugslaktarn the Apothecary (level 5, 19/31 HPs)
             Began as an Octopode Alchemist on Jan 6, 2024.
             Quit the game on level 6 of the Dungeon.
             The game lasted 00:01:33 (750 turns).

Flugslaktarn the Apothecary (Octopode Alchemist)     Turns: 750, Time: 00:01:33

Health: 19/31      AC:  1    Str:  7    XL:     5   Next: 24%
Magic:  9/9        EV: 13    Int: 19    God:
Gold:   70         SH:  0    Dex: 13    Spells: 9/10 levels left

rFire   . . .        f - +1 hand axe (flame)
rCold   . . .        (no shield)
rNeg    . . .        (helmet restricted)
rPois   .            (no amulet)
rElec   .            (no ring)
rCorr   .            (no ring)
SInv    .            (no ring)
Will    .....        (no ring)
Stlth   +++          (no ring)
HPRegen 0.25/turn    (no ring)
MPRegen 0.11/turn    (no ring)
                     (no ring)

%: no passive effects
@: quite poisoned (19 -> 8), weak-willed
A: almost no armour, amphibious, 8 rings, camouflage 1, gelatinous body 1,
(nimble swimmer 1), tentacles
a: no special abilities


You were on level 6 of the Dungeon.
You visited 1 branch of the dungeon, and saw 6 of its levels.

You collected 70 gold pieces.

Inventory:

Hand Weapons
 c - a +0 flail
   (You took it off a gnoll on level 2 of the Dungeon)
 f - a +1 hand axe of flaming (weapon)
   (You took it off an orc on level 3 of the Dungeon)
Wands
 h - a wand of polymorph (9)
   (You found it on level 3 of the Dungeon)
Potions
 a - a potion of magic
 b - a potion of enlightenment {unknown}
 d - a potion of might
 g - a potion of lignification {unknown}
 j - a potion of cancellation {unknown}
 m - a potion of attraction {unknown}


   Skills:
 - Level 2.0 Dodging
 - Level 2.6 Stealth
 + Level 3.2 Spellcasting
 - Level 1.0 Conjurations
 * Level 5.5 Alchemy


You had 9 spell levels left.
You knew the following spells:

 Your Spells              Type           Power      Damage    Failure   Level
a - Sting                 Conj/Alch      60%        1d6       4%          1

Your spell library contained the following spells:

 Spells                   Type           Power      Damage    Failure   Level
 Mercury Vapours          Alch/Air       26%        N/A       8%          2
 Magic Dart               Conj           24%        1d4       10%         1
 Olgreb's Toxic Radiance  Alch           24%        N/A       16%         4
 Mephitic Cloud           Conj/Alch/Air  11%        N/A       19%         3
 Blink                    Tloc           6%         N/A       22%         2
 Call Imp                 Summ           6%         N/A       22%         2
 Sticky Flame             Fire/Alch      13%        2d5       43%         4
 Freezing Cloud           Conj/Ice/Air   2%         6-21      98%         5


Dungeon Overview and Level Annotations

Branches:
Dungeon (5/15)
 Temple: D:4-7

Altars:
Fedhas

Shops:
D:3 ?

Annotations:
D:6 Pikel


Innate Abilities, Weirdness & Mutations

You cannot wear most types of armour.
You are amphibious.
You can wear up to eight rings at the same time.
Your skin changes colour to match your surroundings (Stealth+).
Your rubbery body absorbs attacks. (AC +1, EV +1)
((You are camouflaged when in or above water. (Stealth+)))
You have tentacles for arms and can constrict up to eight enemies at once.


Message History

You constrict the howler monkey.
The howler monkey hoots and howls with incredible vigour!
You hear a bark! x2
You slash the howler monkey! You burn the howler monkey.
The howler monkey is almost dead.
You constrict the howler monkey.
You kill the howler monkey!
Your Spellcasting skill increases to level 3!
Your Alchemy skill increases to level 5!
Found a stone staircase leading down.
Found a fuming sapphire potion.
The goblin hits you with a +0 dagger.
You closely miss the goblin. Your grab misses the goblin.
Your squeeze misses the goblin. The goblin hits you with a +0 dagger.
The goblin misses you.
You slash the goblin! You burn the goblin.
You kill the goblin!
A hobgoblin comes into view.
Things that are here:
a +0 dagger; a goblin corpse You see here a fuming sapphire potion.
m - a fuming sapphire potion
Casting: Sting (safe; 4% risk of failure)
Confirm with . or Enter, or press ? or * to list all spells.
Aiming: Sting (safe; 4% risk of failure)
Press: ? - help, Shift-Dir - straight line, f - hobgoblin
Aim: a hobgoblin (71% to hit)
The sting misses the hobgoblin.
The hobgoblin barely misses you.
Casting: Sting (safe; 4% risk of failure)
Confirm with . or Enter, or press ? or * to list all spells.
Aiming: Sting (safe; 4% risk of failure)
Press: ? - help, Shift-Dir - straight line, f/p - hobgoblin
Aim: a hobgoblin (71% to hit)
The sting hits the hobgoblin.
The hobgoblin is poisoned.
The hobgoblin is lightly wounded.
The hobgoblin closely misses you.
You closely miss the hobgoblin. Your grab misses the hobgoblin.
The hobgoblin is moderately wounded.
The hobgoblin completely misses you.
You barely miss the hobgoblin. You grab the hobgoblin.
You squeeze the hobgoblin.
You kill the hobgoblin!
No target in view!
You see here a hobgoblin corpse.
Found an escape hatch in the ceiling.
Found a glowing glass wand.
A malevolent force fills the Dungeon...
You fall into a shaft and drop 2 floors!
The shaft crumbles and collapses.
Unknown command.
You open the door.
There is an open door here.
A centaur skeleton comes into view.
Found a scroll labelled LEVIFE QAUNUTO.
A centaur skeleton is nearby!
Unknown command.
You hit the centaur skeleton. You burn the centaur skeleton.
The centaur skeleton is lightly damaged.
The centaur skeleton hits you but does no damage.
The centaur skeleton kicks you. The centaur skeleton hits you.
The centaur skeleton closely misses you.
You hit the centaur skeleton. You burn the centaur skeleton.
The centaur skeleton is heavily damaged.
The centaur skeleton hits you but does no damage.
The centaur skeleton barely misses you.
You hit the centaur skeleton. You burn the centaur skeleton.
The centaur skeleton is severely damaged.
The centaur skeleton hits you.
The centaur skeleton closely misses you.
The centaur skeleton barely misses you. The centaur skeleton misses you.
You hit the centaur skeleton. You burn the centaur skeleton.
You squeeze the centaur skeleton.
You destroy the centaur skeleton!
You have reached level 5!
You feel agile.
A water moccasin zombie comes into view.
A phantom comes into view.
You see here a scroll labelled LEVIFE QAUNUTO.
n - a scroll labelled LEVIFE QAUNUTO
There is an open door here.
You hear a distant slurping noise.
As you read the scroll labelled VUURUY UFFUCUT, it crumbles to dust.
You feel aware of your surroundings.
It was a scroll of revelation.
A bullfrog skeleton and a killer bee zombie come into view.
Unknown command.
As you read the scroll labelled MEAPOFFELO, it crumbles to dust.
It is a scroll of identify.
b - a potion of might;
d - a potion of might;
b - a ruby potion
As you read the scroll labelled NUQIAKHLEA ISHELO, it crumbles to dust.
A wave of despondency washes over your surroundings.
It was a scroll of vulnerability.
The air fills with toxic fumes!
As you read the scroll labelled CORIAQESME, it crumbles to dust.
It was a scroll of poison.
Unknown command.
Blink to where?
Press: ? - help, Dir - move target
As you read the scroll labelled LEVIFE QAUNUTO, it crumbles to dust.
It was a scroll of blinking.
You are engulfed in poison gas.
You are poisoned.
You feel very sick. The phantom hits you.
The phantom blinks!
You blink.
Are you sure you want to abandon this character and quit the game? (Confirm with "yes".)

****##################
*,,,.#....K.#..#.....#
*,,,.#.5.55.+..#.....#
***,.##..####.###....#
**,.##.5########§§..#
*,,..h..#§@§§§§§§§..#
*,,.....#W§§§.§§§§..#
********,.###+##§####.###'##
,,~,,***+####..#+####.#....#
,~~~,,,,,....Z........#....#
~~~~,,,,,.............+....#
~~~~,,,,,...Z8...####+#....#
~~~,,,,,,........#.....#####
,,~,,,,,,........#.....#


You could see a phantom (weak-willed).

Vanquished Creatures
  A howler monkey (D:4)
  A centaur skeleton (D:6)
  3 gnolls (D:2)
  3 adders (D:4)
  An orc (D:3)
  2 giant cockroaches (D:3)
  2 goblins
  6 hobgoblins
  A ball python (D:1)
  A kobold (D:4)
  2 rats
23 creatures vanquished.

Notes
Turn   | Place    | Note
-------+----------+-------------------------------------------
     0 | D:1      | Flugslaktarn the Octopode Alchemist began the quest for the
                  | Orb.
     0 | D:1      | Reached XP level 1. HP: 11/11 MP: 3/3
   115 | D:2      | Reached XP level 2. HP: 17/17 MP: 1/5
   125 | D:2      | Reached skill level 4 in Alchemy
   125 | D:2      | Reached XP level 3. HP: 21/21 MP: 1/6
   149 | D:2      | HP: 1/21 [gnoll/+0 flail (12)]
   341 | D:3      | Found Ruergh's Magic Scroll Shoppe.
   399 | D:5      | Entered Level 5 of the Dungeon
   399 | D:5      | Noticed a wight
   399 | D:5      | Noticed a wight
   399 | D:5      | Noticed a wight
   596 | D:4      | Reached XP level 4. HP: 15/27 MP: 3/8
   672 | D:4      | Found a blossoming altar of Fedhas.
   686 | D:4      | Reached skill level 5 in Alchemy
   703 | D:4      | You fall into a shaft and drop 2 floors!
   720 | D:6      | Reached XP level 5. HP: 20/31 MP: 7/9
   723 | D:6      | Noticed a phantom
   745 | D:6      | Noticed Pikel
   745 | D:6      | Noticed a lemure
   745 | D:6      | Noticed a lemure
   745 | D:6      | Noticed a lemure
   745 | D:6      | Noticed a lemure
   750 | D:6      | Quit the game

Illustrated notes

Levels and vault maps discovered:
D:1:      ldierk_walled_garden, layout_basic, serial_shops, shop,
          nicolae_shop_rolled_up, shop, shop, shop, minivault_14
D:2:      layout_loops_ring, basic_altar, minmay_misc_feat_doors,
          skrybe_limestone_x, nicolae_figureground_pulse
D:3:      layout_basic, mainiacjoe_overflow_chevrons, serial_shops, shop
D:4:      minmay_general_purpose_star, layout_basic,
          mainiacjoe_overflow_24_doors, fedhas_altar_1, hangedman_decor_lopped,
          nrook_loot_triangle
D:5:      layout_layer_cave, minmay_temple_entry_junction,
          serial_library_hellmonk_small_alcove, uniq_menkaure
D:6:      nicolae_BIG_FREAKIN_CUBE, layout_gridville, serial_undead,
          serial_undead_e, serial_undead_f, serial_undead_f, serial_undead_b,
          serial_undead_a, serial_undead_d, serial_undead_d, serial_undead_a,
          serial_undead_d, serial_undead_e, serial_park_tiny_2, uniq_pikel

Skill      XL: |  1  2  3  4 |
---------------+-------------+-----
Alchemy        | 4 5 |  5.5
Spellcasting   | 3 |  3.2
Dodging        | |  2.0
Stealth        | |  2.6
Conjurations   | |  1.0

Action                     |  1- 3 |  4- 6 || total
---------------------------+-------+-------++-------
  Melee: Unarmed           |     9 |       ||     9
         Constrict         |     5 |     2 ||     7
         Tentacles         |     4 |     2 ||     6
         Hand axe          |     4 |    15 ||    19
         Flail             |     3 |       ||     3
   Cast: Sting             |    24 |     6 ||    30
    Use: Scroll            |       |     5 ||     5
 Armour: Skin              |    12 |     9 ||    21
  Dodge: Dodged            |    17 |    15 ||    32

Table legend: (Time is in decaauts)
 A = Elapsed time spent in this place.
 B = Non-inter-level travel time spent in this place.
 C = Inter-level travel time spent in this place.
 D = Time resting spent in this place.
 E = Time spent auto-exploring this place.
 F = Levels seen in this place.
 G = Mean time per level.
                   A        B        C        D        E       F      G
               +--------+--------+--------+--------+--------+-----+--------+
         Total |    755 |    743 |     12 |     75 |    383 |   6 |  125.8 |
       Dungeon |    755 |    743 |     12 |     75 |    383 |   6 |  125.8 |
               +--------+--------+--------+--------+--------+-----+--------+

Top non-repeatable levels by time:
     D:4: 347 daAuts
     D:3: 142 daAuts
     D:2: 122 daAuts
     D:1: 93 daAuts
     D:6: 48 daAuts
     D:5: 1 daAuts
